 Dungeon Crawl Stone Soup version 0.19.0 (webtiles) character file.

21020 nikopol the Cleaver (level 12, 0/110 HPs)
             Began as a Hill Orc Berserker on Nov 1, 2016.
             Was a High Priest of Trog.
             Slain by a wolf (9 damage)
             ... on level 1 of the Lair of Beasts.
             The game lasted 00:45:05 (14931 turns).

nikopol the Cleaver (Hill Orc Berserker)           Turns: 14931, Time: 00:45:06

Health: 0/110      AC: 14    Str: 22    XL:     12   Next: 85%
Magic:  4/4        EV: 14    Int:  7    God:    Trog [*****.]
Gold:   1070       SH:  0    Dex: 13    Spells: 0 memorised, 11 levels left

rFire  . . .     SeeInvis .     a - +2 battleaxe (antimagic)
rCold  . . .     Gourm    .     f - +0 scale mail
rNeg   . . .     Faith    .     (shield currently unavailable)
rPois  .         Spirit   .     n - +0 helmet
rElec  .         Reflect  .     P - +1 cloak
rCorr  .         Harm     +     r - +0 pair of gloves {archery}
MR     .....                    (no boots)
Stlth  ..........               s - amulet of harm
                                (no ring)
                                (no ring)

@: lethally poisoned (0 -> -20)
A: no striking features
a: Berserk, Trog's Hand, Brothers in Arms, Burn Spellbooks, Renounce Religion


You were on level 1 of the Lair of Beasts.
You worshipped Trog.
Trog was extremely pleased with you.
You were near starving.

You visited 2 branches of the dungeon, and saw 13 of its levels.

You collected 1070 gold pieces.

Inventory:

Hand Weapons
 a - a +2 antimagic battleaxe (weapon)
 z - a +4 shortbow
Missiles
 t - 98 arrows (quivered)
Armour
 f - a +0 scale mail (worn)
 n - a +0 helmet (worn)
 r - a +0 pair of gloves of archery (worn)
 P - a +1 cloak (worn)
Jewellery
 s - an amulet of harm (around neck)
Wands
 I - a wand of disintegration (12/24)
 W - a wand of digging (11/24)
Scrolls
 d - 5 scrolls of remove curse
 l - 5 scrolls of recharging {unknown}
 o - a scroll of noise {unknown}
 p - a scroll of random uselessness {unknown}
 u - 2 scrolls of enchant armour {unknown}
 v - 2 scrolls of amnesia {unknown}
 w - 3 scrolls of fear {unknown}
 y - 2 scrolls of teleportation {unknown}
 J - a scroll of magic mapping {unknown}
 R - a scroll of immolation {unknown}
 T - 2 scrolls of fog {unknown}
 X - a scroll of silence {unknown}
 Y - a scroll of enchant weapon {unknown}
Potions
 b - a potion of magic {unknown}
 g - 2 potions of resistance
 h - 2 potions of curing
 m - 2 potions of degeneration {unknown}
 A - 3 potions of flight
 D - a potion of haste {unknown}
 E - 3 potions of lignification
 G - 6 potions of heal wounds
 K - a potion of cancellation {unknown}
 M - a potion of brilliance {unknown}
 N - 3 potions of might {unknown}
 Q - a potion of agility {unknown}
Comestibles
 c - 8 bread rations
 i - 12 slices of pizza
 k - 6 beef jerkies
 q - 15 fruits
 C - 4 meat rations


   Skills:
 + Level 11.5 Fighting
 * Level 14.8 Axes
 + Level 7.2 Bows
 + Level 10.3 Armour
 + Level 7.7 Dodging


You had 11 spell levels left.
You didn't know any spells.

Dungeon Overview and Level Annotations

Branches:
Dungeon (12/15)            Temple (0/1) D:4            Lair (1/6) D:11
    Orc (0/2) D:10

Altars:
Gozag
Okawaru
Trog
Yredelemnul
Zin
The Shining One

Shops:
D:3 *   D:5 !   D:10 *


Message History

The spiny frog is severely wounded.
You feel sick. The spiny frog stings you!
* * * LOW HITPOINT WARNING * * *
You are lethally poisoned!
The spiny frog poisons you!
A wolf comes into view.
You slice the spiny frog!!
You kill the spiny frog!
Trog accepts your kill.
* * * LOW HITPOINT WARNING * * *
You feel sick.
You closely miss the wolf.
* * * LOW HITPOINT WARNING * * *
You feel very sick. The wolf barely misses you.
You closely miss the wolf. x2
You are near starving!
* * * LOW HITPOINT WARNING * * *
You feel sick. The wolf bites you!
You die...

≈≈≈♣≈P♣..## ≈
♣♣♣♣♣...#
♣..♣....########
♣♣.....+........
♣
♣......P########
♣..♣♣......##
#....#'####
#####.h#†#
##h@.# ###.# .#
.# .. .. ... ...


You could see 2 wolves.

Vanquished Creatures
  The ghost of nikopol the Cleaver, a journeyman HOBe of Trog (D:9)
  A hydra (D:11)
  A centaur warrior (D:8)
  The ghost of appiemonkey the Fighter, a novice MiFi of the Shining One (D:8)
  3 deep trolls (D:11)
  3 hill giants
  A manticore (D:11)
  2 cyclopes
  Maurice (D:8)
  2 spiny frogs (Lair:1)
  A centaur skeleton (D:10)
  10 trolls
  A two-headed ogre (D:8)
  A hornet (D:8)
  3 hippogriffs
  2 wyverns
  A spriggan (D:9)
  3 yaks (D:11)
  4 hungry ghosts
  The ghost of KarmaPolice the Vandal, an amateur HaHu (D:4)
  A soldier ant (D:8)
  A porcupine (Lair:1)
  4 black bears
  An ice beast (D:5)
  5 orc warriors
  3 sky beasts
  An eye of draining (D:8)
  3 phantoms
  15 ogres
  A necrophage (D:8)
  3 centaurs
  4 big kobolds
  3 bullfrogs
  6 gnoll sergeants
  8 scorpions
  A water moccasin skeleton (D:8)
  20 killer bees
  2 wights (D:8)
  2 howler monkeys
  5 electric eels
  3 crimson imps
  2 quasits
  2 bullfrog zombies
  7 orc priests
  13 hounds
  3 jellies
  Crazy Yiuf (D:6)
  3 centaur zombies
  A bullfrog skeleton (D:10)
  5 orc wizards
  3 iguanas
  14 worker ants
  A hound zombie (D:7)
  A worker ant zombie (D:8)
  12 gnolls
  21 adders
  5 shadow imps
  An ooze (D:2)
  An adder skeleton (D:5)
  An adder zombie (D:9)
  4 worms (D:2)
  A dart slug (D:2)
  6 leopard geckos
  43 orcs
  2 ball pythons
  9 giant cockroaches
  2 goblins (D:2)
  5 hobgoblins
  9 jackals
  12 kobolds
  4 quokkas
  15 bats
  4 frilled lizards
  A jackal skeleton (D:8)
  A jackal zombie (D:8)
  8 rats
358 creatures vanquished.

Vanquished Creatures (others)
  10 fungi (D:7)
10 creatures vanquished.

Grand Total: 368 creatures vanquished

Notes
Turn   | Place    | Note
-------+----------+-------------------------------------------
     0 | D:1      | nikopol the Hill Orc Berserker began the quest for the Orb.
     0 | D:1      | Reached XP level 1. HP: 19/19 MP: 1/1
   218 | D:1      | Reached XP level 2. HP: 25/27 MP: 2/2
   432 | D:1      | You fall through a shaft!
   525 | D:2      | Reached XP level 3. HP: 26/33 MP: 3/3
   560 | D:2      | Found an iron altar of Okawaru.
  1095 | D:2      | Reached XP level 4. HP: 41/41 MP: 4/4
  1366 | D:3      | Found an opulent altar of Gozag.
  1367 | D:3      | Found Gozag's Platinum Reserve.
  1405 | D:3      | Reached ** piety under Trog
  1431 | D:3      | Found a glowing golden altar of the Shining One.
  1807 | D:3      | Reached XP level 5. HP: 44/47 MP: 5/5
  1885 | D:3      | Reached skill level 5 in Axes
  2045 | D:4      | Got a transparent ring mail
  2057 | D:4      | Identified the +5 ring mail "Geism" {rC+ Str+2 Slay-4} (You found it on level 4 of the Dungeon)
  2080 | D:4      | Found a basalt altar of Yredelemnul.
  2133 | D:4      | Reached skill level 5 in Fighting
  2133 | D:4      | Reached XP level 6. HP: 52/56 MP: 6/6
  2188 | D:4      | Found a staircase to the Ecumenical Temple.
  2218 | D:4      | Noticed KarmaPolice's ghost (amateur HaHu)
  2228 | D:4      | Killed KarmaPolice's ghost
  2453 | D:4      | Reached skill level 6 in Axes
  2453 | D:4      | Reached XP level 7. HP: 61/61 MP: 7/7
  2592 | D:5      | Entered Level 5 of the Dungeon
  3122 | D:5      | Found Jount's Distillery.
  3359 | D:5      | Reached *** piety under Trog
  3459 | D:5      | Reached skill level 5 in Armour
  3497 | D:5      | Reached skill level 7 in Axes
  3497 | D:5      | Reached XP level 8. HP: 71/71 MP: 8/8
  3802 | D:5      | Found a glowing silver altar of Zin.
  3813 | D:5      | Found a bloodstained altar of Trog.
  4192 | D:6      | Reached skill level 8 in Axes
  4237 | D:6      | Reached **** piety under Trog
  4470 | D:6      | Found a runed door.
  4474 | D:6      | Noticed Crazy Yiuf
  4477 | D:6      | Killed Crazy Yiuf
  4539 | D:7      | Reached XP level 9. HP: 60/79 MP: 9/9
  4606 | D:7      | Reached skill level 5 in Dodging
  5133 | D:7      | Reached skill level 9 in Axes
  5208 | D:7      | Found Wualigesch's Antique Armour Shoppe.
  5359 | D:7      | Reached skill level 1 in Bows
  5361 | D:7      | Reached ***** piety under Trog
  5377 | D:7      | Received a gift from Trog
  5527 | D:8      | Noticed Maurice
  5555 | D:8      | Killed Maurice
  5646 | D:8      | Reached XP level 10. HP: 90/90 MP: 0/10
  5680 | D:8      | Reached skill level 10 in Axes
  5752 | D:8      | Noticed a centaur warrior
  6157 | D:8      | Noticed a cyclops
  6397 | D:8      | Noticed appiemonkey's ghost (novice MiFi)
  6422 | D:8      | Killed appiemonkey's ghost
  6524 | D:8      | Received a gift from Trog
  7021 | D:8      | Reached skill level 11 in Axes
  7749 | D:8      | Killed a centaur warrior
  7749 | D:8      | Reached XP level 11. HP: 99/99 MP: 3/11
  7760 | D:8      | Killed a cyclops
  7763 | D:8      | Reached skill level 10 in Fighting
  7763 | D:8      | Reached skill level 12 in Axes
  7763 | D:8      | Reached skill level 5 in Bows
  7855 | D:9      | Noticed nikopol's ghost (journeyman HOBe)
  7868 | D:9      | Killed nikopol's ghost
  8149 | D:9      | You fall through a shaft for 3 floors!
  8227 | D:11     | Noticed an eight-headed hydra
  8240 | D:11     | Killed a 16-headed hydra
  8569 | D:11     | Noticed a manticore
  8588 | D:11     | Killed a manticore
  9174 | D:10     | Entered Level 10 of the Dungeon
  9195 | D:10     | Found Hyc Uria's Demolitions Depot.
  9376 | D:10     | Noticed a hill giant
  9391 | D:10     | Killed a hill giant
  9680 | D:10     | Reached skill level 13 in Axes
 10685 | D:10     | Noticed a hill giant
 10692 | D:10     | Killed a hill giant
 10692 | D:10     | Reached XP level 12. HP: 78/108 MP: 4/12
 10772 | D:10     | Found a staircase to the Orcish Mines.
 11482 | D:9      | HP: 4/108 [poisoned by a gnoll sergeant]
 11487 | D:9      | HP: 3/108 [poisoned by a gnoll sergeant]
 11492 | D:9      | HP: 3/108 [poisoned by a gnoll sergeant]
 11924 | D:9      | Received a gift from Trog
 13322 | D:11     | Found a staircase to the Lair.
 13441 | D:11     | Reached skill level 14 in Axes
 13797 | D:11     | Reached skill level 10 in Armour
 14127 | D:11     | Received a gift from Trog
 14864 | Lair:1   | Entered Level 1 of the Lair of Beasts
 14931 | Lair:1   | Slain by a wolf

Skill      XL: |  1  2  3  4  5  6  7  8  9 10 11 12 |
---------------+-------------------------------------+-----
Dodging        | 2 3 4 5 6 7 |  7.7
Fighting       | 4 5 6 7 8 9 10 11 | 11.5
Armour         | 3 4 5 6 7 8 9 10 | 10.3
Axes           | 5 6 7 8 9 11 13 14 | 14.8
Bows           | 2 4 6 7 |  7.2

Action                   |  1- 3 |  4- 6 |  7- 9 | 10-12 || total
-------------------------+-------+-------+-------+-------++-------
Melee: Hand axe          |   160 |   174 |   114 |       ||   448
       War axe           |       |       |   271 |   112 ||   383
       Battleaxe         |       |       |       |   415 ||   415
 Fire: Shortbow          |       |       |    23 |   320 ||   343
Invok: Berserk           |       |     2 |     4 |     8 ||    14
       Burn Spellbooks   |       |       |     2 |     2 ||     4
       Trog's Hand       |       |       |       |     1 ||     1
Evoke: Wand              |       |       |       |     1 ||     1
  Use: Scroll            |       |       |       |     6 ||     6
       Potion            |       |       |       |     1 ||     1
  Eat: Chunk             |     1 |     5 |    15 |    41 ||    62
       Royal jelly       |       |       |     1 |     1 ||     2
Armor: Scale mail        |    79 |    71 |   149 |   276 ||   575
       Animal skin       |     1 |       |       |       ||     1
Dodge: Dodged            |    96 |    90 |   235 |   457 ||   878
